 Dungeon Crawl Stone Soup version 0.25-a0-681-gdf4e720381 (webtiles) character file.

Game seed: 4488938643360921911, levelgen mode: deterministic

692 Astera the Slasher (level 7, -3/63 HPs)
             Began as a Minotaur Monk on Mar 26, 2020.
             Was a Believer of Wu Jian.
             Slain by a slave (7 damage)
             ... led by Pikel
             ... on level 5 of the Dungeon on Mar 30, 2020.
             The game lasted 00:33:05 (5935 turns).

Astera the Slasher (Minotaur Monk)                  Turns: 5935, Time: 00:33:07

Health: -3/63      AC:  6    Str: 18    XL:     7   Next: 36%
Magic:  6/6        EV: 13    Int:  7    God:    Wu Jian [**....]
Gold:   253        SH:  5    Dex: 12    Spells: 6/6 levels left

rFire    + . .     SeeInvis .   q - +0 long sword
rCold    . . .     Gourm    .   n - +0 buckler
rNeg     . . .     Faith    .   o - +3 leather armour {rF+}
rPois    .         Spirit   .   (helmet restricted)
rElec    .         Reflect  .   (no cloak)
rCorr    .         Harm     .   (no gloves)
MR       .....                  (no boots)
Stlth    ++........             (no amulet)
HPRegen  0.20/turn              (no ring)
MPRegen  0.10/turn              (no ring)

@: no status effects
A: retaliatory headbutt, horns 2
a: Wall Jump, Renounce Religion


You were on level 5 of the Dungeon.
You worshipped Wu Jian.
Wu Jian was pleased with you.
You were not hungry.

You visited 2 branches of the dungeon, and saw 6 of its levels.
You also visited: Sewer.

You collected 253 gold pieces.

Inventory:

Hand Weapons
 q - a +0 long sword (weapon)
Armour
 b - a +0 robe
 n - a +0 buckler (worn)
 o - a +3 leather armour of fire resistance (worn)
Jewellery
 i - an uncursed ring of ice
Scrolls
 a - a scroll of silence {unknown}
 d - a scroll of noise {unknown}
 e - 3 scrolls of magic mapping
 f - 2 scrolls of amnesia {unknown}
 h - 2 scrolls of teleportation {unknown}
 k - a scroll of random uselessness {unknown}
 m - 3 scrolls of identify {unknown}
 p - a scroll of remove curse {unknown}
 r - 4 scrolls of fear {unknown}
 s - 3 scrolls of blinking {unknown}
 w - a scroll of fog {unknown}
Potions
 g - 2 potions of heal wounds
 j - 2 potions of curing {unknown}
 l - 2 potions of flight {unknown}
 t - 2 potions of lignification {unknown}
 u - a potion of degeneration {unknown}
 v - 2 potions of might {unknown}
 z - a potion of mutation {unknown}
 A - 2 potions of haste {unknown}
Comestibles
 c - 11 rations
 x - 5 chunks of flesh


   Skills:
 + Level 6.1 Fighting
 + Level 6.2 Long Blades
 + Level 4.1 Armour
 - Level 3.7 Dodging
 - Level 1.7 Stealth
 + Level 4.1 Shields


You had 6 spell levels left.
You didn't know any spells.
Your spell library was empty.

Dungeon Overview and Level Annotations

Branches:
Dungeon (5/15)             Temple (1/1) D:5           Sewer (visited)

Altars:
Dithmenos
Elyvilon
Fedhas
Gozag
Nemelex Xobeh
Ru
Uskayaw
Wu Jian
Xom
Yredelemnul

Annotations:
D:3 1 runed translucent door, triki's ghost, weakling KoAr
D:5 1 runed translucent door, Crazy Yiuf; Edmund; Pikel


Innate Abilities, Weirdness & Mutations

You reflexively headbutt those who attack you in melee.
You have a pair of horns on your head.


Message History

You headbutt the slave, but do no damage.
Pikel hits you with a +2 whip of freezing.
Pikel freezes you.
You hit Pikel. Your headbutt misses Pikel.
Pikel is heavily wounded.
The slave barely misses you. The slave hits you. You block the slave's attack.
The slave closely misses you. Pikel hits you but does no damage.
You hit Pikel but do no damage. You headbutt Pikel, but do no damage.
Pikel is moderately wounded.
The slave hits you. x2
* * * LOW HITPOINT WARNING * * *
The slave hits you.
* * * LOW HITPOINT WARNING * * *
The slave barely misses you.
Pikel hits you with a +2 whip of freezing.
* * * LOW HITPOINT WARNING * * *
Pikel freezes you.
* * * LOW HITPOINT WARNING * * *
The slave hits you!
You die...

###.## #.##...#
...>.# #.##...#
####.## ##.##...#
#..# #.......#
##.## #.......#
#..# #.......#
##.## #.....###
#..# #pp...#
##.## #@p...#
#.)# #Kp...#
#####รท#####
##.####
#.........# #.#
#.........#
##.####### #
##.........#
#........########
# #..........#
#................
# #....###.###
#................
# #....# #..#
#................


You could see Pikel and 4 slaves.

Vanquished Creatures
  3 ogres (D:5)
  A scorpion (D:3)
  2 hounds
  A bullfrog skeleton (D:5)
  2 orc wizards
  2 worker ants
  5 adders
  3 river rats (Sewer)
  2 oozes
  A worm (D:3)
  2 dart slugs
  14 orcs
  4 giant cockroaches
  11 goblins
  8 hobgoblins
  5 jackals
  8 kobolds
  7 ball pythons
  7 bats
  10 frilled lizards
  A jackal skeleton (D:4)
  11 rats
110 creatures vanquished.

Notes
Turn   | Place    | Note
-------+----------+-------------------------------------------
     0 | D:1      | Astera the Minotaur Monk began the quest for the Orb.
     0 | D:1      | Reached XP level 1. HP: 19/19 MP: 0/0
   150 | D:1      | Reached XP level 2. HP: 24/27 MP: 1/1
   955 | D:2      | Reached XP level 3. HP: 33/33 MP: 2/2
  1136 | D:2      | Upgraded the game from 0.25-a0-665-ga69d64035b to
                  | 0.25-a0-681-gdf4e720381
  1207 | D:2      | Found a white marble altar of Elyvilon,
  1910 | D:3      | Noticed a scorpion
  1926 | D:3      | Killed a scorpion
  1926 | D:3      | Reached skill level 1 in Armour
  1926 | D:3      | Reached skill level 1 in Shields
  1926 | D:3      | Reached XP level 4. HP: 41/41 MP: 3/3
  2539 | D:2      | Reached XP level 5. HP: 37/47 MP: 4/4
  2687 | D:3      | Found a runed translucent door,
  2701 | D:3      | Noticed triki's ghost (weakling KoAr)
  2730 | D:3      | Reached skill level 5 in Long Blades
  2994 | D:4      | Reached skill level 5 in Fighting
  3017 | D:4      | Found a glowing drain,
  3044 | Sewer    | Entered a sewer
  3615 | D:4      | Reached XP level 6. HP: 52/56 MP: 5/5
  4675 | D:5      | Entered Level 5 of the Dungeon
  4769 | D:5      | Found a staircase to the Ecumenical Temple,
  4858 | Temple   | Entered the Ecumenical Temple
  4912 | Temple   | Became a worshipper of the Wu Jian Council
  4912 | Temple   | Reached * piety under Wu Jian
  4912 | Temple   | Reached ** piety under Wu Jian
  5405 | D:5      | Found a runed translucent door,
  5406 | D:5      | Noticed Crazy Yiuf
  5463 | D:5      | Reached XP level 7. HP: 39/62 MP: 6/6
  5608 | D:5      | Noticed Edmund
  5914 | D:5      | Noticed Pikel
  5935 | D:5      | Slain by a slave

Levels and vault maps discovered:
D:1:      mrwooster_arrival_statue_2, layout_loops_corners, minmay_pentomino_w4
D:2:      layout_loops_corners, elyvilon_altar_3
D:3:      layout_basic, first_ration, ebering_ghost_reflecting_pool
D:4:      layout_basic, cheibrodos_sewer_entry_drain
D:5:      layout_basic, old_standard_altar, minmay_temple_entry_wispy,
          uniq_crazy_yiuf_cottage, uniq_pikel, uniq_edmund
Temple:   zaba_magenta_temple

Skill      XL: |  1  2  3  4  5  6  7 |
---------------+----------------------+-----
Fighting       | 4 5 6 |  6.1
Long Blades    | 4 5 6 |  6.2
Armour         | 1 2 3 4 |  4.1
Shields        | 1 2 3 4 |  4.1
Dodging        | |  3.7
Stealth        | |  1.7

Action                   |  1- 3 |  4- 6 |  7- 9 || total
-------------------------+-------+-------+-------++-------
Melee: Falchion          |    69 |   161 |       ||   230
       Headbutt          |    17 |    37 |     7 ||    61
       Long sword        |       |    15 |    25 ||    40
Invok: Whirlwind         |       |     2 |     2 ||     4
       Lunge             |       |       |     2 ||     2
  Use: Scroll            |       |     1 |       ||     1
       Potion            |       |     2 |     1 ||     3
 Stab: Sleeping          |     1 |     1 |       ||     2
  Eat: Chunk             |     3 |     8 |     2 ||    13
       Ration            |       |     1 |       ||     1
Armor: Robe              |     3 |     2 |       ||     5
       Scale mail        |       |    53 |       ||    53
       Leather armour    |       |     2 |    10 ||    12
Dodge: Dodged            |    50 |    88 |    24 ||   162
Block: Buckler           |     1 |    46 |    17 ||    64
       Rpst.: Falchion   |    17 |    22 |       ||    39
       Long sword        |       |     3 |     8 ||    11

Table legend:
 A = Non-vault XP
 B = Vault XP
 C = Vault XP percentage of total XP
 D = Non-vault monster count
 E = Vault monster count
 F = Vault count percentage of total count
                 A         B        C        D         E       F
            +---------+---------+-------+---------+---------+-------
      Total |     921 |      68 |   6.9 |      85 |      25 |  22.7
            +---------+---------+-------+---------+---------+-------
        D:1 |      31 |       9 |  22.5 |      19 |       5 |  20.8
        D:2 |      87 |       0 |   0.0 |      15 |       0 |   0.0
        D:3 |     172 |       0 |   0.0 |      29 |       0 |   0.0
        D:4 |     130 |       3 |   2.3 |      15 |       2 |  11.8
        D:5 |     501 |       0 |   0.0 |       7 |       0 |   0.0
      Sewer |       0 |      56 | 100.0 |       0 |      18 | 100.0
            +---------+---------+-------+---------+---------+-------
